 Dungeon Crawl Stone Soup version 0.22.0-18-ge075c0d (webtiles) character file.

352 Lauz the Magician (level 6, -3/32 HPs)
             Began as a Deep Elf Wizard on Aug 18, 2018.
             Was a Follower of Sif Muna.
             Slain by Natasha (9 damage)
             ... on level 3 of the Dungeon.
             The game lasted 00:19:11 (3738 turns).

Lauz the Magician (Deep Elf Wizard)                 Turns: 3738, Time: 00:19:12

Health: -3/32      AC:  3    Str:  4    XL:     6   Next: 35%
Magic:  1/18       EV: 13    Int: 25    God:    Sif Muna [*.....]
Gold:   194        SH:  0    Dex: 13    Spells: 11/19 levels left

rFire    . . .     SeeInvis .   l - +2 dagger (drain)
rCold    . . .     Gourm    .   (no shield)
rNeg     . . .     Faith    .   a - +0 robe
rPois    .         Spirit   .   b - +0 hat
rElec    .         Reflect  .   (no cloak)
rCorr    .         Harm     .   n - +0 pair of gloves
MR       .....                  (no boots)
Stlth    ++........             (no amulet)
HPRegen  0.10/turn              (no ring)
MPRegen  0.16/turn              (no ring)

@: no status effects
A: no striking features
a: Divine Energy, Renounce Religion


You were on level 3 of the Dungeon.
You worshipped Sif Muna.
Sif Muna was aware of your devotion.
You were hungry.

You visited 1 branch of the dungeon, and saw 4 of its levels.

You collected 194 gold pieces.

Inventory:

Hand Weapons
 l - a +2 dagger of draining (weapon)
Armour
 a - a +0 robe (worn)
 b - a +0 hat (worn)
 n - a +0 pair of gloves (worn)
Jewellery
 r - a +2 ring of protection {unknown}
Wands
 u - a wand of flame (24)
Scrolls
 c - 2 scrolls of fog {unknown}
 e - 5 scrolls of identify {unknown}
 f - 3 scrolls of remove curse {unknown}
 i - a scroll of teleportation {unknown}
 o - a scroll of enchant armour {unknown}
 s - 5 scrolls of immolation {unknown}
 t - a scroll of fear {unknown}
Potions
 g - a potion of cancellation {unknown}
 h - a potion of curing
 j - a potion of invisibility {unknown}
 k - a potion of degeneration {unknown}
 m - a potion of magic {unknown}
 p - 2 potions of mutation {unknown}
 q - 2 potions of flight {unknown}
Comestibles
 d - 7 rations


   Skills:
 - Level 2.4 Dodging
 - Level 2.4 Stealth
 + Level 7.0 Spellcasting
 * Level 4.7 Conjurations
 + Level 0.2 Hexes
   Level 1.1 Summonings
 + Level 1.2 Translocations
 * Level 1.4 Air Magic
 * Level 1.3 Poison Magic


You had 11 spell levels left.
You knew the following spells:

 Your Spells              Type           Power        Failure   Level  Hunger
a - Magic Dart            Conj           ####         1%          1    None
b - Blink                 Tloc           N/A          6%          2    None
c - Slow                  Hex            ##......     9%          2    None
d - Mephitic Cloud        Conj/Pois/Air  ###.....     7%          3    None

Your spell library contained the following spells:

 Spells                   Type           Power        Failure   Level  Hunger
 Call Imp                 Summ           ##......     6%          2    None
 Conjure Flame            Conj/Fire      ###.....     8%          3    None


Dungeon Overview and Level Annotations

Branches:
Dungeon (4/15)
 Temple: D:4-7

Altars:
Ashenzari
Okawaru
Sif Muna
Vehumet
Wu Jian

Annotations:
D:3 Natasha
D:4 3 runed doors, Loudmushroom's ghost, amateur MiFi


Message History

Natasha casts a spell at you. The magic dart hits you!
* * * LOW HITPOINT WARNING * * *
There is a stone staircase leading up here.
Natasha claws you.
* * * LOW HITPOINT WARNING * * *
You climb upwards.
There is a stone staircase leading down here.
Casting: Blink (safe; 6% risk of failure)
Confirm with . or Enter, or press ? or * to list all spells.
Aiming: Mephitic Cloud (safe; 7% risk of failure)
Press: ? - help, Shift-Dir - straight line, f - Natasha
Aim: Natasha That beam is likely to hit you.
Continue anyway?
The ball explodes into a vile cloud!
The stinking cloud engulfs Natasha.
The stinking cloud engulfs you!
Natasha is engulfed in noxious fumes.
Natasha appears confused.
Natasha is engulfed in noxious fumes.
Natasha appears confused.
Natasha claws you!
You die...

##.## #.# #..(........### #..#
#.# ######...##...# ##.#
#.####### ##...#....# #.##
#.......# #......_.). #..#
#######.######..##....#. #####.##
#....<#§#.......##...##.
÷.÷##..###.#####§#.#####.####....
...÷.....(.....§h#.# #.####....
...###(######.##@#.# #.(.......
...# #..# #.##.#.## ###.##.###
...# ##.## #.##.#..# #.##....
#### #..# #.##.##.#### #.######
########.# #.##.##....# #.#
.....# #÷# #.##.##....# #.#
.....# #.# #.##.##....# #.#
.....###.####.##.#.....# #.#
.................#.....# #.#


You could see Natasha (confused).

Vanquished Creatures
  A scorpion (D:4)
  A howler monkey (D:4)
  2 jellies (D:2)
  A bullfrog skeleton (D:4)
  Natasha (D:4)
  4 adders
  8 oozes
  4 leopard geckos
  5 orcs
  3 giant cockroaches
  3 goblins
  9 hobgoblins
  8 jackals
  11 kobolds
  A quokka (D:4)
  8 bats
  6 frilled lizards
  8 rats
84 creatures vanquished.

Vanquished Creatures (others)
  2 fungi (D:2)
  6 toadstools (D:2)
8 creatures vanquished.

Grand Total: 92 creatures vanquished

Notes
Turn   | Place    | Note
-------+----------+-------------------------------------------
     0 | D:1      | Lauz the Deep Elf Wizard began the quest for the Orb.
     0 | D:1      | Reached XP level 1. HP: 10/10 MP: 7/7
   214 | D:1      | Reached skill level 5 in Spellcasting
   214 | D:1      | Reached XP level 2. HP: 15/15 MP: 6/10
   244 | D:1      | Learned a level 2 spell: Blink
   247 | D:1      | Learned a level 2 spell: Slow
   988 | D:2      | Reached XP level 3. HP: 15/19 MP: 3/12
  1439 | D:2      | Reached skill level 6 in Spellcasting
  1494 | D:2      | Found a radiant altar of Vehumet.
  1755 | D:2      | Found a shattered altar of Ashenzari.
  1760 | D:2      | Found a deep blue altar of Sif Muna.
  1768 | D:2      | Became a worshipper of Sif Muna the Loreminder
  2059 | D:2      | Learned a level 3 spell: Mephitic Cloud
  2161 | D:2      | Reached XP level 4. HP: 24/24 MP: 8/14
  2429 | D:2      | Reached XP level 5. HP: 28/28 MP: 6/16
  2681 | D:3      | Found an iron altar of Okawaru.
  2866 | D:3      | Found an ornate altar of the Wu Jian Council.
  3090 | D:3      | Reached skill level 1 in Air Magic
  3306 | D:4      | Reached * piety under Sif Muna
  3306 | D:4      | Reached skill level 1 in Poison Magic
  3436 | D:4      | Reached skill level 7 in Spellcasting
  3436 | D:4      | Reached XP level 6. HP: 32/32 MP: 4/18
  3632 | D:4      | Noticed Loudmushroom's ghost (amateur MiFi)
  3633 | D:4      | Found a runed gate.
  3633 | D:4      | Found a runed gate.
  3633 | D:4      | Found a runed gate.
  3675 | D:4      | Noticed Natasha
  3682 | D:4      | Killed Natasha
  3726 | D:4      | Noticed Natasha
  3738 | D:3      | Slain by Natasha

Skill      XL: |  1  2  3  4  5 |
---------------+----------------+-----
Spellcasting   | 5 6 7 |  7.0
Conjurations   | 2 3 4 |  4.7
Air Magic      | 1 |  1.4
Poison Magic   | 1 |  1.3
Dodging        | |  2.4
Stealth        | |  2.4
Hexes          | |  0.2
Summonings     | |  1.1
Translocations | |  1.2

Action                   |  1- 3 |  4- 6 || total
-------------------------+-------+-------++-------
Melee: Dagger            |       |     7 ||     7
 Cast: Magic Dart        |    92 |   110 ||   202
       Blink             |     2 |     6 ||     8
       Slow              |       |     2 ||     2
       Mephitic Cloud    |       |    11 ||    11
  Use: Potion            |       |     1 ||     1
  Eat: Chunk             |     3 |     1 ||     4
       Ration            |       |     1 ||     1
Armor: Robe              |     4 |     8 ||    12
Dodge: Dodged            |    12 |    24 ||    36
